 Dungeon Crawl Stone Soup version 0.18.1-48-g4cf74bf (webtiles) character file.

84 Jerry the Magician (level 4, -1/30 HPs)
             Began as a Human Ice Elementalist on June 25, 2016.
             Slain by an orc
             ... wielding a +1 hand axe of electrocution
              (20 damage)
             ... on level 3 of the Dungeon.
             The game lasted 00:12:47 (2960 turns).

Jerry the Magician (Human Ice Elementalist)         Turns: 2960, Time: 00:12:48

Health: -1/30      AC:  2    Str:  8    XL:     4   Next: 74%
Magic:  6/9        EV: 12    Int: 15    God:
Gold:   151        SH:  0    Dex: 13    Spells: 2 memorised, 5 levels left

rFire  + . .     SeeInvis .     l - +0 dagger
rCold  . . .     Gourm    .     a - +0 robe
rNeg   . . .     Faith    .     (no shield)
rPois  .         Spirit   .     (no helmet)
rElec  .         Dismiss  .     (no cloak)
rCorr  .         Reflect  .     (no gloves)
SustAt .         Harm     .     (no boots)
MR     .....                    (no amulet)
Stlth  ++........               n - ring of protection from fire
                                z - -2 ring of intelligence (curse)

@: not resistant to hostile enchantments, unstealthy
A: no striking features
a: no special abilities


You were on level 3 of the Dungeon.
You were not hungry.

You visited 1 branch of the dungeon, and saw 3 of its levels.

You collected 151 gold pieces.

Inventory:

Hand Weapons
 l - a +0 dagger (weapon)
Armour
 a - a +0 robe (worn)
Jewellery
 e - an uncursed ring of positive energy
 n - a ring of protection from fire (right hand)
 z - a cursed -2 ring of intelligence (left hand)
Scrolls
 g - a scroll of magic mapping {unknown}
 j - a scroll of blinking {unknown}
 k - 2 scrolls of noise {unknown}
 m - 3 scrolls of remove curse {unknown}
 o - 2 scrolls of random uselessness {unknown}
 r - 3 scrolls of identify {unknown}
 s - a scroll of immolation {unknown}
 y - a scroll of enchant weapon {unknown}
Potions
 d - a potion of heal wounds {unknown}
 f - 2 potions of might {unknown}
 h - 2 potions of haste
 i - 2 potions of curing {unknown}
 u - a potion of flight {unknown}
 v - a potion of brilliance {unknown}
 x - a potion of beneficial mutation {unknown}
Books
 b - a book of Frost

   Spells                             Type                      Level
   a - Freeze                         Ice                          1
   b - Throw Frost                    Conjuration/Ice              2
   c - Ozocubu's Armour               Charms/Ice                   3
   d - Throw Icicle                   Conjuration/Ice              4
   e - Summon Ice Beast               Ice/Summoning                4
 p - a book of Alchemy

   Spells                             Type                      Level
   a - Sublimation of Blood           Necromancy                   2
   b - Ignite Poison                  Fire/Transmutation/Poison    3
   c - Petrify                        Transmutation/Earth          4
   d - Alistair's Intoxication        Transmutation/Poison         5
   e - Irradiate                      Conjuration/Transmutation    5
 q - a Fen Folio

   Spells                             Type                      Level
   a - Corpse Rot                     Necromancy                   2
   b - Stone Arrow                    Conjuration/Earth            3
   c - Leda's Liquefaction            Hexes/Earth                  4
   d - Summon Forest                  Summoning/Translocation      5
   e - Hydra Form                     Transmutation                6
   f - Summon Hydra                   Summoning                    7
 t - an Akashic Record

   Spells                             Type                      Level
   a - Dispersal                      Translocation                6
   b - Malign Gateway                 Summoning/Translocation      7
   c - Disjunction                    Translocation                8
   d - Controlled Blink               Translocation                8
Comestibles
 c - 2 bread rations
 w - 2 chunks of flesh


   Skills:
 - Level 2.0 Dodging
 - Level 2.0 Stealth
 - Level 3.7 Spellcasting
   Level 1.0 Conjurations
 + Level 1.8 Summonings
 - Level 3.0 Ice Magic


You had 5 spell levels left.
You knew the following spells:

 Your Spells              Type           Power        Failure   Level  Hunger
a - Freeze                Ice            ##..         8%          1    None
b - Summon Ice Beast      Ice/Summ       ##......     78%         4    ####...


Dungeon Overview and Level Annotations

Branches:
Dungeon (3/15)

Altars:
Yredelemnul


Message History

The orc closely misses you.
Casting: Freeze
Confirm with . or Enter, or press ? or * to list all spells.
Aiming: Freeze
Press: ? - help, Shift-Dir - straight line, f/p - orc
Aim: an orc, wielding a dagger (almost dead)
You freeze the orc.
You kill the orc!
You start resting.
Casting: Freeze
Confirm with . or Enter, or press ? or * to list all spells.
Aiming: Freeze
Press: ? - help, Shift-Dir - straight line, f - orc
Aim: an orc, wielding a hand axe of electrocution and wearing a ring mail You freeze the orc.
The orc is heavily wounded.
The orc hits you with a hand axe of electrocution.
You are electrocuted!
Ouch! That really hurt!
You die...

#......#...$...###.#..
#......#.............+
##.....#.........#..8.
.'.....#####.##.## ..
##.....# #..#.#
##.....# ##.#.#
##.....# #...# #.....#
##..## ####### #..@#
#...o....# ##.........
# #..#.###.# # ##.#.#
# #..). # ##. ## # ..
#


You could see an orc.

Vanquished Creatures
  2 adders
  2 worms (D:2)
  2 dart slugs (D:2)
  A giant gecko (D:1)
  2 orcs
  4 bats
  A giant cockroach (D:3)
  2 gnoll zombies (D:2)
  8 goblins
  5 hobgoblins
  3 jackals (D:3)
  7 kobolds
  6 giant newts
  3 rats
48 creatures vanquished.

Notes
Turn   | Place    | Note
--------------------------------------------------------------
     0 | D:1      | Jerry the Human Ice Elementalist began the quest for the Orb.
     0 | D:1      | Reached XP level 1. HP: 13/13 MP: 3/3
   366 | D:1      | Reached XP level 2. HP: 19/19 MP: 2/5
   922 | D:2      | Reached XP level 3. HP: 19/24 MP: 3/7
  1959 | D:2      | Reached XP level 4. HP: 25/30 MP: 4/9
  1965 | D:2      | Learned a level 4 spell: Summon Ice Beast
  2270 | D:2      | Found a basalt altar of Yredelemnul.
  2552 | D:3      | Reached skill level 1 in Summonings
  2960 | D:3      | Slain by an orc

Skill      XL: |  1  2  3  4 |
---------------+-------------+-----
Spellcasting   | 3 |  3.7
Summonings     | 1 |  1.8
Dodging        | |  2.0
Stealth        | |  2.0
Conjurations   | |  1.0
Ice Magic      | |  3.0

Action                   |  1- 3 |  4- 6 || total
-------------------------+-------+-------++-------
Melee: Unarmed           |     2 |       ||     2
       Dagger            |    29 |    40 ||    69
 Cast: Freeze            |    43 |    25 ||    68
 Stab: Sleeping          |     4 |     2 ||     6
  Eat: Chunk             |     2 |     3 ||     5
       Beef jerky        |     1 |       ||     1
Armor: Robe              |     4 |     1 ||     5
Dodge: Dodged            |    41 |    30 ||    71
